[Event "*** Titled Tuesday Blitz"]
[Site "Chess.com"]
[Date "2020.10.20"]
[Round "1"]
[White "Kildepiotr"]
[Black "MF1966Idrisov"]
[Result "1-0"]
[WhiteElo "2660"]
[BlackElo "2324"]
[TimeControl "180+1"]
[EndTime "10:08:18 PDT"]
[Termination "Kildepiotr won by resignation"]

1. Nf3 c6 2. g3 d5 3. Bg2 Nf6 4. O-O Bf5 5. d3 h6 6. Nbd2 e6 7. Qe1 Be7 8. e4 dxe4 9. dxe4 Bg6 10. Ne5 Bh7 11. Qe2 Nbd7 12. Ndc4 O-O 13. Rd1 Qc8 14.
Nxd7 Nxd7 15. Bf4 Nb6 16. Nd6 Bxd6 17. Rxd6 Rd8 18. Rad1 Rxd6 19. Rxd6 Qe8 20. Qd3 Bg6 21. b3 Kh7 22. Qd4 Qe7 23. c4 Re8 24. e5 Nc8 25. Rd7 Qa3 26. Rxb7 Qxa2 27. Bxc6 Rg8 28. Kg2 Qe2 29.
Bf3 Qc2 30. c5 Re8 31. c6 Ne7 32. Qc4 Qb1 33. Qc1 Qf5 34. Rxa7 Nd5 35. Qd2 Rc8 36.
Ra6 Qb1 37. h4 Qxb3 38. h5 Bd3 39. Ra7 Bf1+ 40. Kxf1 Qxf3 41. Qc2+ Kg8 42. Kg1 Nxf4 43. gxf4 Qg4+ 44. Kf1 Qh3+ 45. Ke1 Qh1+ 46. Ke2 Qxc6 47.
Qxc6 Rxc6 48. Ra8+ Kh7 49. Rf8 Rc7 50. Kf3 Ra7 51. Kg4 Rb7 52. f5 exf5+ 53. Kxf5 g6+ 54. hxg6+ fxg6+ 55. Kf6 Rb2 56. f4 Rb4 57. f5 gxf5 58.
e6 Rb6 59. Kf7 f4 60. e7 Rb7 61. Kf6 Rb6+ 62. Kf5 Rb5+ 63. Kxf4 Rb4+ 64. Kf3 Rb3+ 65. Ke2 Rb2+ 66. Kd3 Rb3+ 67. Kc4 Re3 68. e8=Q Rxe8 69.
Rxe8 Kg6 70. Re5 Kf6 71. Kd4 1-0

[Event "*** Titled Tuesday Blitz"]
[Site "Chess.com"]
[Date "2020.10.20"]
[Round "1"]
[White "Aleksey_Sorokin"]
[Black "Bacyanide"]
[Result "1-0"]
[WhiteElo "2838"]
[BlackElo "2418"]
[TimeControl "180+1"]
[EndTime "10:08:19 PDT"]
[Termination "Aleksey_Sorokin won on time"]

1. d4 Nf6 2. c4 g6 3. Nc3 Bg7 4. e4 d6 5. Nf3 O-O 6. Be2 Nc6 7. d5 Nb8 8. O-O a6 9. h3 e6 10.
Be3 exd5 11. exd5 Re8 12. Bd3 Nbd7 13. Qd2 Nc5 14. Bc2 Nfe4 15. Nxe4 Nxe4 16. Bxe4 Rxe4 17.
Rae1 Bf5 18. Bd4 Qe7 19. Rxe4 Qxe4 20. Bxg7 Kxg7 21. Nd4 Re8 22. Rc1 Re7 23. b3 Qd3 24. Qxd3 Bxd3 25. f3 g5 26. Kf2 h5 27. g4 h4 28. Rc3 Bb1 29. a3 f5 30. Rc1 Bd3 31. Rd1 fxg4 32. Rxd3 g3+ 33. Kf1 Kf6 34. Ne6 c6 35.
Kg2 cxd5 36. cxd5 Re8 37. Rc3 Ke5 38. Nxg5 Kxd5 39. Ne4 Kd4 40. Rc2 d5 41. Rd2+ Ke3 42. Rxd5 Rc8 43. Rd2 Rc1 44. Rb2 Ra1 45. a4 b5 46.
axb5 axb5 47. Nc3 b4 48. Nd5+ Kd3 49. Nxb4+ Kc3 50. Rc2+ Kxb4 51. Rc4+ Kxb3 52. Rxh4 Kc3 53. Re4 Kd3 54. h4 Ra8 55. Kxg3 Rg8+ 56. Rg4 Rf8 57. h5 Rf5 58. h6 Rh5 59. Rh4 Rg5+ 60. Kf4 Rg8 61. h7 Rf8+ 62. Kg5 Rh8 63. Kf6 Ke3 64. Kg7 Re8 65. h8=Q Kxf3 66. Qxe8 1-0

[Event "*** Titled Tuesday Blitz"]
[Site "Chess.com"]
[Date "2020.10.20"]
[Round "1"]
[White "Mikasinski"]
[Black "szefru"]
[Result "0-1"]
[WhiteElo "2538"]
[BlackElo "2244"]
[TimeControl "180+1"]
[EndTime "10:08:19 PDT"]
[Termination "szefru won by resignation"]

1. e4 Nf6 2. e5 Nd5 3. c4 Nb6 4. d4 d6 5. exd6 exd6 6. Nc3 Be7 7. Bd3 O-O 8. Nge2 Bf6 9. O-O Nc6 10. b3 Bg4 11. Be3 g6 12. Qd2 Bg7 13. h3 Bxe2 14.
Bxe2 d5 15. Rad1 Qd7 16. cxd5 Nxd5 17. Nxd5 Qxd5 18. Bf3 Qd7 19. Rc1 Nxd4 20. Bxb7 Rad8 21. Rfd1 c5 22. Ba6 Qc6 23. Bd3 Qd6 24. Qa5 Rd7 25.
Qxc5 Qxc5 26. Rxc5 Rfd8 27. Rdc1 h5 28. Be4 Ne2+ 29. Kh2 Nxc1 30. Rxc1 Be5+ 31. g3 h4 32. Kg2 hxg3 33. fxg3 Bg7 34. a4 Re8 35. Bc6 Rxe3 36. Bxd7 Be5 37. Rc8+ Kg7 38. Re8 Rxg3+ 39. Kf2 Bd6 40.
Re3 Rg5 41. Rd3 Bc5+ 42. Kf3 Re5 43. Bb5 Bb6 44. Bc4 f5 45. Rd7+ Kh6 46. b4 Re3+ 47. Kf4 Re4+ 48. Kf3 Rxc4 49. a5 Bg1 50. b5 Ra4 51. a6 Bb6 52. Rd6 Ra3+ 53. Kf4 Bc7 54. Ke5 Bxd6+ 55. Kxd6 Rc3 56. Kd5 f4 57. Ke4 g5 58.
Kf5 Kh5 59. h4 Kxh4 0-1

[Event "*** Titled Tuesday Blitz"]
[Site "Chess.com"]
[Date "2020.10.20"]
[Round "1"]
[White "GMBenjaminBok"]
[Black "Snegokhod"]
[Result "1-0"]
[WhiteElo "2941"]
[BlackElo "2449"]
[TimeControl "180+1"]
[EndTime "10:08:22 PDT"]
[Termination "GMBenjaminBok won on time"]

1. d4 Nf6 2. c4 g6 3. Nf3 Bg7 4. g3 O-O 5. Bg2 d5 6. O-O c6 7.
b3 Ne4 8. Bb2 Nd7 9. e3 Ndf6 10.
Qe2 b6 11. Ne5 Bb7 12. Rd1 Rc8 13. Nd2 Nxd2 14. Rxd2 e6 15. Rc1 Nd7 16. Nd3 Qe7 17.
Rdc2 Ba6 18. Qd2 dxc4 19. bxc4 c5 20. Ba3 Rfd8 21. Qe1 Qe8 22. dxc5 Nxc5 23. Nxc5 bxc5 24. Qa5 Rd6 25. Bxc5 Rdc6 26. Bxa7 Rxc4 27. Rxc4 Rxc4 28. Rd1 Qb5 29. Qxb5 Bxb5 30. Bf1 Rc7 31. Bb6 Rc6 32.
Bxb5 Rxb6 33. Rd8+ Bf8 34. a4 Kg7 35. Rd7 Bb4 36. Ra7 Rb8 37. Kf1 h5 38. Bc4 Kf6 39. a5 Rc8 40. Bb5 Rc5 41. Be8 Rxa5 42. Rxf7+ Ke5 43.
Rb7 Ra1+ 44. Kg2 Be1 45. Bxg6 Ra2 46. Rf7 h4 47. gxh4 Ra4 48. h5 Kd6 49. h3 Bc3 50. h6 Rh4 51. h7 Bb2 52. Rb7 Bf6 53.
Bc2 Rh6 54. Kg3 Ke5 55. f4+ Kd6 56. Bd3 Bc3 57. e4 Kc5 58. e5 Kd4 59. Bc2 Be1+ 60. Kg2 Ke3 61. Rb8 Kxf4 62. h8=Q Rxh8 63. Rxh8 Kxe5 64. h4 1-0

[Event "*** Titled Tuesday Blitz"]
[Site "Chess.com"]
[Date "2020.10.20"]
[Round "1"]
[White "TigranMukhutdinov"]
[Black "rugbyclub"]
[Result "1/2-1/2"]
[WhiteElo "2519"]
[BlackElo "2207"]
[TimeControl "180+1"]
[EndTime "10:08:22 PDT"]
[Termination "Game drawn - insufficient material"]

1. e4 e6 2. d4 d5 3. Bd3 c5 4. exd5 Qxd5 5. Nc3 Qxd4 6. Nb5 Qd8 7. Bf4 Na6 8. Nf3 Nf6 9. c4 Be7 10. O-O O-O 11.
Qe2 Bd7 12. Nd6 Qb6 13. Nf5 exf5 14. Qxe7 Rfe8 15. Qd6 Qxd6 16. Bxd6 Rad8 17. Rad1 Be6 18. Be5 Ne4 19. Rfe1 Nb4 20. Bf1 a6 21. a3 Nc6 22.
Bc7 Rd7 23. Rxd7 Bxd7 24. Rd1 Be6 25. Bb6 Rc8 26. Nd2 Ne5 27. b3 f6 28. f3 Nxd2 29.
Rxd2 Kf7 30. f4 Ng6 31. g3 Ke7 32. Bg2 Nf8 33. Bxb7 Rb8 34. Bxc5+ Kf7 35. Bd5 Rxb3 36. Bxf8 Bxd5 37. Rxd5 Kxf8 38. Ra5 Rc3 39. Rxa6 Rxc4 40. a4 Kf7 41. Kg2 Kg6 42. Ra7 Rc2+ 43. Kh3 Ra2 44. a5 Kh6 45. Ra8 g6 46. a6 g5 47. g4 Ra3+ 48.
Kg2 fxg4 49. fxg5+ fxg5 50. a7 Kh5 51. Kf2 h6 52.
Kg2 Ra2+ 53. Kg3 Ra3+ 54. Kg2 Ra2+ 55. Kg1 Ra3 56. Kh1 Ra2 57. Kg1 Ra1+ 58. Kf2 Ra2+ 59. Ke3 Kh4 60. Rh8 Ra3+ 61. Ke4 Ra4+ 62. Kd3 Ra3+ 63.
Kc4 Kh3 64. a8=Q Rxa8 65. Rxa8 Kxh2 66. Kd3 g3 67. Ra6 g2 68. Rxh6+ Kg3 69. Rg6 g1=Q 70.
Rxg5+ Kf2 71. Rxg1 Kxg1 1/2-1/2

[Event "*** Titled Tuesday Blitz"]
[Site "Chess.com"]
[Date "2020.10.20"]
[Round "1"]
[White "vovachesss"]
[Black "Pikachess999"]
[Result "1-0"]
[WhiteElo "2684"]
[BlackElo "2339"]
[TimeControl "180+1"]
[EndTime "10:08:23 PDT"]
[Termination "vovachesss won by resignation"]

1. e4 e6 2. Qe2 Nf6 3. e5 Nd5 4.
d4 c5 5. c3 d6 6. Nf3 Nc6 7.
g3 cxd4 8. cxd4 dxe5 9. dxe5 Qb6 10. Bg2 Bb4+ 11. Nbd2 Nd4 12. Nxd4 Qxd4 13. O-O O-O 14. Nc4 b5 15. Ne3 Qxe5 16. Qxb5 Rb8 17. Qc4 Nxe3 18. Bxe3 Qa5 19. Rfd1 Ba6 20. Qf4 e5 21. Qg4 Rfd8 22.
Bxa7 Rbc8 23. a3 Bf8 24. b4 Qc7 25. Be3 Bd3 26. Rac1 Bc2 27. Rxd8 Qxd8 28. Bf1 f5 29. Qe2 Ba4 30. Rxc8 Qxc8 31. Qc4+ Qxc4 32. Bxc4+ Kh8 33. Bc5 Bxc5 34. bxc5 Bc6 35. Bb3 g6 36. a4 Kg7 37.
a5 Kf6 38. a6 Ke7 39. Kf1 g5 40. Ke1 f4 41. Kd2 e4 42. Bc4 h6 43. Be2 Ke6 44. Kc3 Kd5 45. Bg4 Kxc5 46. Bc8 Kb6 47. Kd4 Ba8 48. Bb7 Bxb7 49. axb7 Kxb7 50. Kxe4 fxg3 51.
fxg3 Kc7 52. Kf5 Kd6 53. Kg6 Ke5 54. Kxh6 Kf5 55. h3 g4 56. h4 Ke4 57. h5 Kf3 58. Kg5 Kxg3 59. h6 Kf3 60. h7 g3 61. h8=Q g2 62. Qc3+ Kf2 63. Qd2+ Kf1 64. Qf4+ Ke1 65. Qg3+ Kf1 66. Qf3+ Kg1 67. Kh4 Kh2 68. Qh3+ Kg1 69. Kg3 Kf1 70. Qxg2+ 1-0

[Event "*** Titled Tuesday Blitz"]
[Site "Chess.com"]
[Date "2020.10.20"]
[Round "1"]
[White "WuinaterJr"]
[Black "IngOscarArdila"]
[Result "1/2-1/2"]
[WhiteElo "2503"]
[BlackElo "2171"]
[TimeControl "180+1"]
[EndTime "10:08:23 PDT"]
[Termination "Game drawn by repetition"]

1. d4 Nf6 2. c4 g6 3. Nf3 Bg7 4. g3 d6 5. Bg2 O-O 6. O-O Nbd7 7.
Nc3 e5 8. h3 exd4 9. Nxd4 Re8 10.
Bf4 Nc5 11. Qd2 Nce4 12. Nxe4 Nxe4 13. Qd3 Nc5 14. Qd2 Qf6 15. Nb5 Ne6 16. Be3 Qxb2 17.
Qxb2 Bxb2 18. Rab1 Bg7 19. Rfd1 a6 20. Na3 Rb8 21. Nc2 b5 22. cxb5 Rxb5 23. Rxb5 axb5 24. Bc6 Rd8 25. Bxb5 Bb7 26. Nb4 Ra8 27. a4 Bc3 28. Nd5 Be5 29. f4 Bg7 30. Kf2 Kf8 31. Nb4 f5 32. Rc1 Bb2 33. Rc2 Ba3 34. Nc6 Bc5 35. Ra2 Re8 36. Bxc5 Nxc5 37. a5 Ne4+ 38. Kg1 Nc3 39.
a6 Ba8 40. Nd4 Nxa2 41. Bxe8 Kxe8 42. Ne6 Kd7 43. Ng5 Nb4 44. Nxh7 Nxa6 45. Nf8+ Ke7 46. Nxg6+ Kf6 47. Nh4 c5 48. Kf2 d5 49. g4 fxg4 50.
hxg4 d4 51. g5+ Kg7 52. f5 Be4 53. f6+ Kf7 54. Kg3 c4 55. Kf4 Bg6 56. Nf3 c3 57.
Nxd4 c2 58. Nxc2 Bxc2 59. e4 Nc5 60. e5 Bg6 61. Ke3 Ne6 62. Kf3 Nxg5+ 63. Kf4 Ne6+ 64.
Ke3 Nd8 65. Kf4 Ke6 66. Kg5 Bf7 67. Kf4 Nc6 68. Kg5 Nxe5 69. Kh6 Nd7 70. Kg7 Nxf6 71. Kf8 Ne4 72. Kg7 Bh5 73. Kh6 Bf3 74. Kg7 Ke7 75.
Kh6 Kf6 76. Kh7 Ng5+ 77. Kh6 Nf7+ 78. Kh7 Ng5+ 79. Kg8 Bh5 80. Kh8 Bg6 81. Kg8 Ne6 82. Kh8 Ng5 83. Kg8 Bh7+ 84. Kh8 Bg6 1/2-1/2

[Event "*** Titled Tuesday Blitz"]
[Site "Chess.com"]
[Date "2020.10.20"]
[Round "1"]
[White "crescentmoon2411"]
[Black "SchieberSpieler"]
[Result "1-0"]
[WhiteElo "2885"]
[BlackElo "2435"]
[TimeControl "180+1"]
[EndTime "10:08:24 PDT"]
[Termination "crescentmoon2411 won by resignation"]

1. d4 d5 2. Nf3 Nf6 3. Bf4 g6 4.
e3 Bg7 5. h3 c5 6. c3 Nc6 7.
Nbd2 Qb6 8. Qb3 c4 9. Qc2 Bf5 10. Qc1 Qd8 11. g4 Be4 12. Bg2 Bd3 13. Ne5 Nxe5 14. Bxe5 O-O 15. Bf1 Bxf1 16. Kxf1 Ne4 17.
Bxg7 Nxd2+ 18. Qxd2 Kxg7 19. h4 f5 20. Qe2 fxg4 21.
Qxg4 Qc8 22. Qg5 Qe6 23. h5 Rf5 24. Qg3 Raf8 25. Rh2 Rf3 26. Qh4 Qf6 27. Qxf6+ R8xf6 28.
hxg6 hxg6 29. Ke2 Kf7 30. b3 b5 31. a4 a6 32. axb5 axb5 33. Ra5 cxb3 34. Rxb5 R3f5 35. Rxb3 Rc6 36. Kd3 e5 37. dxe5 Rxe5 38. Rb7+ Ke6 39. Rh8 Rf5 40. f4 Kd6 41. Rd8+ Kc5 42. Rdb8 g5 43. Rb5+ Kd6 44. Rd8+ Ke6 45. fxg5 Rxg5 46. Re8+ Kd7 47. Rh8 Kd6 48. Rh6+ Kc7 49. Rh7+ Kd6 50. Ra5 Rf5 51. Rh6+ Kc7 52. Rh7+ Kd6 53. Rh4 Re5 54. Rd4 Ke6 55. Rb5 Ra6 56. Rc5 Rb6 57. Ra5 Rc6 58.
Kd2 Rb6 59. Rh4 Rc6 60. Rh6+ Kd7 61. Ra7+ 1-0

[Event "*** Titled Tuesday Blitz"]
[Site "Chess.com"]
[Date "2020.10.20"]
[Round "1"]
[White "TheCastleHunter"]
[Black "RobertoJBM"]
[Result "0-1"]
[WhiteElo "2350"]
[BlackElo "2703"]
[TimeControl "180+1"]
[EndTime "10:08:26 PDT"]
[Termination "RobertoJBM won by resignation"]

1. e4 c6 2. d4 d5 3. exd5 cxd5 4.
Bd3 Nc6 5. c3 Nf6 6. Ne2 g6 7.
O-O Bf5 8. Bf4 Bxd3 9. Qxd3 Bg7 10. Nd2 O-O 11. h3 Re8 12. Bg3 Rc8 13. Rfe1 e6 14.
Nf4 Qb6 15. Rab1 Na5 16. Qe2 Nc4 17. Nxc4 Rxc4 18. Nd3 Ne4 19. Be5 Rcc8 20. Bxg7 Kxg7 21.
f3 Nd6 22. Kh1 Nf5 23. Qf2 Qd6 24. Ne5 f6 25. Nd3 Re7 26. Kg1 Rce8 27. f4 Qa6 28. Nc5 Qc6 29. Re2 b6 30. Nb3 Nd6 31. Nd2 Qa4 32.
Rbe1 Qxa2 33. g4 Qa4 34. Kh1 Qc6 35. f5 Qd7 36. fxg6 hxg6 37. Rf1 Rf7 38. Qg3 Qe7 39. Ref2 e5 40. g5 fxg5 41. dxe5 Qxe5 42. Rxf7+ Nxf7 43. Qf3 Re7 44. Kg1 Qe3+ 45. Qxe3 Rxe3 46. Kf2 Rxh3 47.
Nf3 Rh4 48. Nxh4 gxh4 49. Kf3 Ne5+ 50. Ke3 g5 51. Kd4 Nc4 52. b3 Nd2 53. Rd1 Nxb3+ 54.
Kxd5 Kf6 55. Kc4 Nc5 56. Rf1+ Kg6 57. Kd5 h3 58. Ke5 Nd3+ 59. Ke4 Nf4 60. Kf3 Nd5 61. Kg4 Ne3+ 0-1

[Event "*** Titled Tuesday Blitz"]
[Site "Chess.com"]
[Date "2020.10.20"]
[Round "1"]
[White "AndreyNeves"]
[Black "ThePatrick27"]
[Result "1-0"]
[WhiteElo "2272"]
[BlackElo "2558"]
[TimeControl "180+1"]
[EndTime "10:08:27 PDT"]
[Termination "AndreyNeves won by resignation"]

1. d4 Nf6 2. c4 g6 3. g3 Bg7 4. Bg2 O-O 5. Nf3 d6 6. O-O Nc6 7. Nc3 a6 8. Bf4 Rb8 9. Rc1 Bd7 10. Nd5 e6 11. Nxf6+ Bxf6 12. e4 e5 13. Bh6 Re8 14. d5 Nd4 15. Nxd4 exd4 16. f4 c5 17. dxc6 bxc6 18. b3 c5 19. Qd3 a5 20. Rb1 a4 21.
bxa4 Qa5 22. e5 dxe5 23. fxe5 Rxb1 24. Qxb1 Bxe5 25. Qb7 Qc7 26. Qxc7 Bxc7 27. Bd5 Be6 28. Bxe6 Rxe6 29. Rb1 f5 30. Rb7 Rc6 31. a5 Bxa5 32.
Rg7+ Kh8 33. Ra7 Bd8 34. Ra8 Kg8 35. Rxd8+ Kf7 36. Rd7+ Ke6 37. Rxh7 Ra6 38. Rc7 Kd6 39. Rc8 Rxa2 40. h4 Ra5 41. Bf4+ Ke6 42. Rc6+ Kf7 43. Be5 d3 44. Rf6+ Ke7 45. Rd6 Ra3 46. Rd5 Ke6 47. Kf2 d2 48. Bf4 Ra4 49. Rxd2 Rxc4 50. Re2+ Kf7 51. Kf3 Rc3+ 52. Re3 Rc2 53. Rd3 c4 54. Rd7+ Ke6 55. Rd6+ Kf7 56. Rc6 Rc3+ 57. Ke2 Ke7 58. Kd2 Rd3+ 59. Kc2 Rd4 60. Kc3 Re4 61. Rxc4 Re1 62.
Kb4 Ke6 63. Kc5 Rd1 64. Ra4 Rd5+ 65. Kc4 Rd1 66. Ra6+ Kf7 67. Bg5 Re1 68. Rf6+ Kg7 69. Rd6 Re4+ 70. Rd4 Re6 71. Kd5 Ra6 72. Rc4 Ra5+ 73.
Rc5 Ra7 74. Rc6 Kf7 75. Kd6 Ke8 76. Rc7 Ra6+ 77. Rc6 Ra3 78. Ke6 Kf8 79. Kf6 Ke8 80. Kxg6 Rxg3 81. Rd6 1-0

[Event "*** Titled Tuesday Blitz"]
[Site "Chess.com"]
[Date "2020.10.20"]
[Round "1"]
[White "kidagent"]
[Black "tlomigtlis"]
[Result "1-0"]
[WhiteElo "2299"]
[BlackElo "2588"]
[TimeControl "180+1"]
[EndTime "10:08:28 PDT"]
[Termination "kidagent won by checkmate"]

1. e4 c5 2. Nf3 d6 3. d4 cxd4 4.
Nxd4 Nf6 5. Nc3 a6 6. Bg5 Nbd7 7. Qe2 h6 8. Bh4 e5 9. Nf5 g6 10. Ne3 Be7 11. Bxf6 Nxf6 12. O-O-O b5 13. h3 Bb7 14.
Ned5 Rc8 15. g4 b4 16. Nxf6+ Bxf6 17. Nd5 Bg5+ 18. Kb1 Qa5 19. Bg2 O-O 20. h4 Bd8 21. g5 h5 22. Nf6+ Kg7 23. Rxd6 Qc5 24. Rhd1 Bxf6 25.
gxf6+ Kh7 26. Bf3 Rc6 27. Rxc6 Qxc6 28. Bxh5 Qxf6 29. Bg4 Rd8 30. h5 Rxd1+ 31. Qxd1 Bxe4 32. hxg6+ Bxg6 33. f3 Kg7 34. Qd2 Qc6 35. a3 b3 36.
Qc3 bxc2+ 37. Kc1 Qd6 38. f4 Bf5 39. Be2 f6 40. fxe5 fxe5 41. b4 Kf6 42. Kb2 Qd1 43. Qc6+ Ke7 44. Qc5+ Qd6 45. Qxd6+ Kxd6 46. Bxa6 Kc6 47. Be2 Be4 48. Bc4 Kb6 49. Bb3 Bd3 50. Bxc2 Bc4 51. Be4 Kb5 52. Kc3 Ba2 53. Kb2 Bc4 54.
Kc3 Ba2 55. Bc2 Bd5 56. a4+ Kb6 57. Bd3 Bc6 58. b5 Bd5 59. Kb4 e4 60. a5+ Kb7 61. Be2 Be6 62. Kc5 e3 63. b6 Bd7 64. a6+ Kb8 65. Kd6 Bb5 66. Bxb5 e2 67. Bxe2 Ka8 68.
Bf3+ Kb8 69. a7+ Kc8 70. a8=Q# 1-0

[Event "*** Titled Tuesday Blitz"]
[Site "Chess.com"]
[Date "2020.10.20"]
[Round "1"]
[White "Iskusnyh"]
[Black "PauloCesarCosta_sad"]
[Result "0-1"]
[WhiteElo "2556"]
[BlackElo "2269"]
[TimeControl "180+1"]
[EndTime "10:08:28 PDT"]
[Termination "PauloCesarCosta_sad won on time"]

1. d4 d5 2. c4 c6 3. Nf3 e6 4.
b3 Nf6 5. e3 Bb4+ 6. Nbd2 Ne4 7. Bd3 f5 8. O-O Nxd2 9. Bxd2 Bxd2 10. Qxd2 O-O 11. b4 dxc4 12. Bxc4 Qd6 13. Qb2 Nd7 14.
Rfd1 Nb6 15. Be2 Nd5 16. b5 cxb5 17. Bxb5 a6 18. Be2 b5 19. Rac1 Bb7 20. Rc5 Nb6 21. Qb4 Rad8 22. Qa5 Bxf3 23. Bxf3 Nc4 24. Qc7 f4 25.
Qxd6 Rxd6 26. e4 Rfd8 27. d5 Kf7 28. h4 exd5 29. exd5 Kf6 30. Rd4 Kf5 31. Rc7 R8d7 32. Rxd7 Rxd7 33. g4+ fxg3 34. fxg3 Rd6 35. Rf4+ Kg6 36.
h5+ Kg5 37. Rf7 g6 38. Rxh7 gxh5 39. Rxh5+ Kg6 40. Rh8 Nd2 41. Bg2 Nc4 42. Kf2 Kg7 43. Ra8 a5 44. Ra7+ Kf6 45. Bf3 Ke5 46. Re7+ Kd4 47.
Re4+ Kc5 48. Re1 Nd2 49. Bg2 Nc4 50. g4 a4 51. Kg3 Rg6 52. Kf4 b4 53. Kf5 Rg8 54.
g5 b3 55. axb3 axb3 56. g6 b2 57. Kf6 Na3 58. g7 Rxg7 0-1

[Event "*** Titled Tuesday Blitz"]
[Site "Chess.com"]
[Date "2020.10.20"]
[Round "1"]
[White "Benjoneliere44"]
[Black "Walter_White_Poland"]
[Result "0-1"]
[WhiteElo "2619"]
[BlackElo "2316"]
[TimeControl "180+1"]
[EndTime "10:08:29 PDT"]
[Termination "Walter_White_Poland won by resignation"]

1. d4 Nf6 2. Bf4 c5 3. d5 e6 4. Nc3 exd5 5. Nxd5 Nxd5 6. Qxd5 Be7 7. e4 Nc6 8. c3 d6 9. Nf3 Be6 10. Qd2 d5 11. Bd3 O-O 12. O-O dxe4 13. Bxe4 Qxd2 14. Bxd2 Rfd8 15. h3 Rac8 16. Be3 f5 17. Bc2 h6 18.
Rfe1 Kf7 19. Bb3 Bxb3 20. axb3 b6 21. Nd2 Rd3 22. Nc4 Rcd8 23. Bf4 g5 24. Ne5+ Nxe5 25.
Bxe5 R8d7 26. Kf1 Bf6 27. Bxf6 Kxf6 28. Re8 Rd2 29. Re2 Rd1+ 30. Rxd1 Rxd1+ 31. Re1 Rxe1+ 32. Kxe1 Ke5 33. Ke2 b5 34. Ke3 h5 35. g3 f4+ 36. Kf3 fxg3 37. fxg3 b4 38. Ke3 g4 39. hxg4 hxg4 40. Kd3 Kd5 41. Ke3 Ke5 42. Kd3 Kd5 43.
Ke3 c4 44. cxb4 cxb3 45. Kd3 a6 46. Kc3 Ke4 47. Kxb3 Kf3 48. Ka4 Kxg3 49. Ka5 Kh3 50. Kxa6 g3 51. b5 g2 52. b6 g1=Q 53. b7 Qa1+ 54. Kb6 Qxb2+ 55. Ka7 Qa3+ 56. Kb6 Qb4+ 57. Ka7 Qa5+ 58. Kb8 Kg4 59. Kc8 Qc5+ 60. Kd7 Qb6 61. Kc8 Qc6+ 62. Kb8 Kf5 63. Ka7 Qa4+ 64. Kb6 Qb4+ 65.
Kc7 Qc5+ 66. Kd7 Qb6 67. Kc8 Qc6+ 68. Kb8 Ke5 0-1

[Event "*** Titled Tuesday Blitz"]
[Site "Chess.com"]
[Date "2020.10.20"]
[Round "1"]
[White "Brave_spirit12"]
[Black "JiiHart"]
[Result "1/2-1/2"]
[WhiteElo "2476"]
[BlackElo "2065"]
[TimeControl "180+1"]
[EndTime "10:08:29 PDT"]
[Termination "Game drawn - insufficient material"]

1. e4 c5 2. c3 d5 3. exd5 Qxd5 4.
Nf3 Nc6 5. d4 cxd4 6. cxd4 Bg4 7. Be2 e6 8. Nc3 Qa5 9. O-O Nf6 10.
h3 Bh5 11. Bd2 Be7 12. Nb5 Qd8 13. Ne5 Bxe2 14. Qxe2 O-O 15. Rfd1 a6 16. Nxc6 bxc6 17. Nc3 Qxd4 18. Bg5 Qa7 19. Qc4 Qc5 20. Qxc5 Bxc5 21.
Bxf6 gxf6 22. Ne4 Be7 23. Rd7 Rfe8 24. Rad1 f5 25. Nc3 Rad8 26. Na4 Bf6 27. g3 Rxd7 28. Rxd7 Rd8 29. Rc7 Rd1+ 30. Kg2 Rd2 31. Kf1 Bd4 32. Rd7 e5 33. f4 f6 34. Ke1 Rg2 35. Rd6 Rxg3 36. Rxf6 Rxh3 37. fxe5 Bxe5 38. Rxf5 Rh1+ 39.
Kf2 Rh2+ 40. Kg1 Re2 41. Kf1 Re4 42. Nc5 Rf4+ 43. Rxf4 Bxf4 44. Nxa6 Be5 45. b3 Bd6 46. a4 Kf7 47. b4 Ke6 48. b5 cxb5 49. axb5 Kd7 50.
b6 Kc8 51. Ke2 Kb7 52. Nc7 Bxc7 53. bxc7 Kxc7 54. Kf3 Kd7 55. Kg4 Ke7 56. Kh5 Kf7 57. Kh6 Kg8 58. Kh5 Kg7 59. Kg5 h6+ 60. Kh5 Kh7 61.
Kh4 Kg6 62. Kg4 h5+ 63. Kh4 Kh6 64. Kh3 Kg5 65. Kg3 h4+ 66. Kh3 Kh5 67. Kh2 Kg5 68.
Kg2 h3+ 69. Kh2 Kf5 70. Kxh3 1/2-1/2

[Event "*** Titled Tuesday Blitz"]
[Site "Chess.com"]
[Date "2020.10.20"]
[Round "1"]
[White "Mazetovic"]
[Black "Andrii_Prydun"]
[Result "1-0"]
[WhiteElo "2752"]
[BlackElo "2375"]
[TimeControl "180+1"]
[EndTime "10:08:37 PDT"]
[Termination "Mazetovic won by resignation"]

1. e4 d5 2. exd5 Qxd5 3. Nc3 Qd6 4. d4 Nf6 5. Nf3 c6 6. Ne5 Nbd7 7. Nc4 Qc7 8. Qf3 Nb6 9. Bf4 Qd8 10. Ne5 Qxd4 11. Bd3 h5 12. O-O-O Bg4 13. Nxg4 hxg4 14. Qe3 Qxe3+ 15.
Bxe3 Nbd5 16. Bd4 Nxc3 17. Bxc3 e6 18. Be2 Bc5 19. Bd4 Bxd4 20. Rxd4 Rd8 21. Ra4 a6 22. Bxg4 b5 23. Rf4 Nd5 24. Rd4 c5 25. Rd2 c4 26.
c3 Nf4 27. g3 Nd3+ 28. Kc2 Ke7 29. f4 Nc5 30. Rhd1 Rxd2+ 31. Rxd2 Ne4 32. Re2 Nc5 33.
f5 Kf6 34. fxe6 fxe6 35. h4 e5 36. Bf3 Rd8 37. Rf2 Ke7 38. Re2 Kf6 39. Bg4 e4 40. Rf2+ Ke7 41. Rf5 Nd3 42. Rf1 Re8 43. Be2 Kd6 44.
Kd2 e3+ 45. Kc2 Nc5 46. Rf7 Re7 47. Rf5 Ne4 48. Rf3 Nd2 49. Rf4 Ne4 50. g4 Ng3 51. Kd1 Ke5 52. Rf3 Rd7+ 53. Ke1 Ne4 54. Rxe3 Kf4 55.
Rf3+ Ke5 56. Rf5+ Ke6 57. Rf4 Nd6 58. g5 Re7 59. Kf2 Ke5 60. Rf8 Ne4+ 61. Kg2 Rd7 62. Re8+ Kf4 63. Rf8+ Ke3 64. Bf3 Rd2+ 65. Kh3 Nf2+ 66.
Kg3 Rxb2 67. Re8+ Kd3 68. h5 Kxc3 69. h6 gxh6 70. gxh6 Nd3 71. h7 1-0

[Event "*** Titled Tuesday Blitz"]
[Site "Chess.com"]
[Date "2020.10.20"]
[Round "1"]
[White "Colombiano07"]
[Black "vinniethepooh"]
[Result "0-1"]
[WhiteElo "2228"]
[BlackElo "2555"]
[TimeControl "180+1"]
[EndTime "10:08:39 PDT"]
[Termination "vinniethepooh won by resignation"]

1. c4 Nf6 2. g3 c6 3. Bg2 d5 4.
b3 d4 5. Nf3 c5 6. O-O Nc6 7.
e3 e5 8. exd4 exd4 9. Re1+ Be7 10. d3 h6 11. Bf4 O-O 12. Ne5 Nxe5 13. Bxe5 Bd6 14. Nd2 Bxe5 15. Rxe5 Qc7 16. Qe2 Bg4 17. Bf3 Rfe8 18. Re1 Bd7 19. Kg2 Bc6 20. Bxc6 Rxe5 21. Qxe5 Qxc6+ 22. Ne4 Re8 23. Qf5 Nd7 24. f3 Re5 25.
Qf4 f5 26. Rf1 fxe4 27. fxe4 Qe6 28. a3 a5 29. Qd2 b6 30. b4 axb4 31. axb4 Nf6 32.
bxc5 bxc5 33. Qa5 Kh7 34. Qd8 Rh5 35. h4 Re5 36. Qf8 Qe7 37. Qxe7 Rxe7 38. Rf5 Nd7 39. Rd5 Ne5 40. Rxc5 Nxd3 41. Rd5 Rxe4 42. c5 Re5 43. Rxd4 Nxc5 44. Rd2 Ne6 45. Ra2 Rb5 46. Rc2 Rb3 47.
Ra2 Nd4 48. Kh2 Nf5 49. Rg2 h5 50. Kh3 Kh6 51. Kh2 g5 52. hxg5+ Kxg5 53. Kh3 Ra3 54.
Kh2 Kg4 55. Rb2 Ra4 56. Rg2 Rc4 57. Rg1 Rc2+ 58. Rg2 Rxg2+ 59. Kxg2 Nxg3 60. Kh2 h4 61. Kg2 h3+ 62. Kh2 Nf5 63. Kg1 Kg3 64. Kh1 Ne3 65.
Kg1 Ng4 66. Kh1 Nf2+ 67. Kg1 h2+ 0-1

[Event "*** Titled Tuesday Blitz"]
[Site "Chess.com"]
[Date "2020.10.20"]
[Round "1"]
[White "alejanchess73"]
[Black "tptagain"]
[Result "0-1"]
[WhiteElo "2446"]
[BlackElo "2916"]
[TimeControl "180+1"]
[EndTime "10:08:41 PDT"]
[Termination "tptagain won by resignation"]

1. e4 g6 2. d4 Bg7 3. Nc3 c6 4. Be3 d5 5. f3 Qb6 6. Na4 Qa5+ 7. c3 dxe4 8. fxe4 Nf6 9. b4 Qc7 10. Bd3 Ng4 11. Qe2 Nxe3 12. Qxe3 e5 13. Nf3 O-O 14.
O-O Bg4 15. Nc5 Bxf3 16. Rxf3 b6 17. Nb3 exd4 18. cxd4 Qe7 19. a3 c5 20. bxc5 bxc5 21.
Nxc5 Nc6 22. e5 Rad8 23. Nb3 Nxd4 24. Nxd4 Qxe5 25. Qxe5 Bxe5 26. Raf1 Bxd4+ 27. Kh1 Kg7 28. g4 f6 29. Rc1 Be5 30. Rc2 Rd4 31. h3 Rfd8 32.
Be2 Kh6 33. Kg2 Kg5 34. Rf2 Rd2 35. Rxd2 Rxd2 36. Bf3 Rd3 37. a4 Ra3 38. Bc6 Rg3+ 39. Kf1 Rxh3 40. Rg2 Rc3 41. Bb5 Kh4 42. Ke2 Bg3 43. Kd2 Ra3 44. Bd7 h5 45. gxh5 Kxh5 46.
Rg1 f5 47. Kc2 f4 48. Be8 Re3 49. Bf7 Re7 50. Bd5 g5 51. Bf3+ g4 52. Rh1+ Kg5 53. Bd5 f3 54. Rg1 Bf2 55. Rf1 Bb6 56. Bxf3 gxf3 57.
Rxf3 Re4 58. Kb3 Re3+ 59. Rxe3 Bxe3 60. a5 Kf4 61. Kc4 Ke4 62. Kb5 Kd5 63. Ka6 Kc4 64.
Kb7 Kb5 65. a6 Ka5 66. Kc6 Kxa6 67. Kd5 Ka5 68. Ke4 Kb4 69. Kxe3 Kc3 70. Ke2 a5 71. Kd1 Kb2 72. Kd2 a4 73. Kd3 a3 0-1

[Event "*** Titled Tuesday Blitz"]
[Site "Chess.com"]
[Date "2020.10.20"]
[Round "1"]
[White "AleksibFan"]
[Black "Morshynska"]
[Result "1-0"]
[WhiteElo "2573"]
[BlackElo "2255"]
[TimeControl "180+1"]
[EndTime "10:08:44 PDT"]
[Termination "AleksibFan won on time"]

1. d4 d5 2. Nf3 e6 3. g3 Nf6 4. Bg2 Bd6 5. O-O O-O 6. c4 b6 7. Ne5 Bb7 8. Nc3 a6 9. cxd5 exd5 10. Bf4 h6 11. Qb3 c6 12. Na4 b5 13. Nc5 Bxc5 14.
dxc5 Nbd7 15. Nd3 a5 16. a3 Re8 17. Qc2 Ne4 18. f3 Ng5 19. Rae1 Ne6 20. Be3 Qf6 21. Bf2 Nd4 22. Qd1 a4 23. e4 dxe4 24. fxe4 Nb3 25.
e5 Qe7 26. Qh5 Ndxc5 27. Nf4 Ne6 28. Bh3 Nxf4 29. gxf4 Kh8 30. f5 Qg5+ 31. Qxg5 hxg5 32. Bg3 c5 33. Rf2 c4 34. Bg4 Rad8 35. e6 fxe6 36. fxe6 Bd5 37. e7 Ra8 38. Re5 Bf7 39. Rxf7 Nd4 40.
Rf2 b4 41. Rxg5 bxa3 42. bxa3 c3 43. Rh5+ Kg8 44. Rc5 c2 45. Be5 Rab8 46. Bxd4 Rb1+ 47. Kg2 c1=Q 48. Rxc1 Rxc1 49. Bb2 Rc4 50. Be6+ Kh7 51.
Bxc4 Rxe7 52. Bd3+ g6 53. Bc3 Rd7 54. Rd2 Kh6 55.
Bf6 Rd6 56. Bc3 Rc6 57. Bb4 Re6 58. Bb5 Re5 59. Bxa4 Rg5+ 60. Kf1 Rf5+ 61. Rf2 Rd5 62. Bb3 Rd3 63. Bc2 Rh3 64. Bd2+ 1-0